 Dungeon Crawl Stone Soup version 0.31.0-11-ge490571c62 (webtiles) character file.

Game seed: 16113447063318035173

4294 solopath the Destroyer (level 10, -3/74 HPs)
             Began as a Gnoll Conjurer on Jan 27, 2024.
             Was an Elder of Zin.
             Constricted to death by Joseph (9 damage)
             ... on level 8 of the Dungeon.
             The game lasted 00:21:41 (9334 turns).

solopath the Destroyer (Gnoll Conjurer)             Turns: 9334, Time: 00:21:42

Health: -3/74      AC:  4    Str:  6    XL:     10   Next: 32%
Magic:  1/21       EV: 11    Int: 27    God:    Zin [****..]
Gold:   275        SH:  0    Dex: 12    Spells: 13/23 levels left

rFire   . . .        v - +0 whip (elec)
rCold   . . .        (no shield)
rNeg    . . .        e - +2 robe "Butew" {Fly Stlth+}
rPois   .            (no helmet)
rElec   .            (no cloak)
rCorr   .            (no gloves)
SInv    .            (no boots)
Will    .....        (no amulet)
Stlth   ++++         f - +6 ring of intelligence
HPRegen 0.32/turn    (no ring)
MPRegen 0.17/turn

%: no passive effects
@: grasped by roots, flying, constricted, studying Stealth
A: fangs 1, strong nose, distributed training
a: Renounce Religion, Recite, Vitalisation, Imprison, Donate Gold


You were on level 8 of the Dungeon.
You worshipped Zin.
Zin was greatly pleased with you.
You visited 2 branches of the dungeon, and saw 9 of its levels.
You also visited: Sewer.

You collected 403 gold pieces.
You spent 88 gold pieces at shops.
You donated 40 gold pieces to Zin.

Inventory:

Hand Weapons
 v - a +0 whip of electrocution (weapon)
 x - a +2 vampiric lajatang
Missiles
 t - a throwing net
Armour
 e - the +2 robe "Butew" (worn) {Fly Stlth+}
   (You found it on level 2 of the Dungeon)

   Fly:       It grants you flight.
   Stlth+:    It makes you more stealthy.
Jewellery
 f - a +6 ring of intelligence (left hand)
 i - a +6 ring of dexterity
 o - a +6 ring of strength
 w - a ring of fire
 y - a ring of see invisible
Wands
 r - a wand of flame (3)
 A - a wand of roots (12)
Scrolls
 c - 2 scrolls of poison {unknown}
 d - 11 scrolls of identify {unknown}
 g - a scroll of acquirement {unknown}
 h - a scroll of revelation {unknown}
 j - 6 scrolls of teleportation
 l - 2 scrolls of vulnerability {unknown}
 n - 4 scrolls of amnesia {unknown}
 q - 3 scrolls of blinking {unknown}
 s - a scroll of immolation {unknown}
 C - a scroll of summoning {unknown}
 D - a scroll of enchant weapon {unknown}
Potions
 a - 3 potions of lignification {unknown}
 b - 4 potions of magic
 k - 2 potions of attraction {unknown}
 m - 4 potions of curing {unknown}
 p - 3 potions of might {unknown}
 u - a potion of mutation {unknown}
 z - a potion of resistance {unknown}
 B - a potion of degeneration {unknown}


   Skills:
 + Level 5.3 Fighting
 + Level 5.3 Short Blades
 + Level 5.3 Long Blades
 + Level 5.3 Axes
 + Level 5.3 Maces & Flails
 + Level 5.3 Polearms
 + Level 5.3 Staves
 + Level 5.3 Ranged Weapons
 + Level 5.3 Throwing
 + Level 5.3 Armour
 + Level 7.1 Dodging
 + Level 6.9 Stealth
 + Level 5.3 Shields
 + Level 5.3 Unarmed Combat
 + Level 7.4 Spellcasting
 + Level 8.5 Conjurations
 + Level 4.4 Hexes
 + Level 4.4 Summonings
 + Level 4.4 Necromancy
 + Level 4.4 Translocations
 + Level 4.4 Fire Magic
 + Level 4.4 Ice Magic
 + Level 4.4 Air Magic
 + Level 4.4 Earth Magic
 + Level 4.4 Alchemy
 + Level 5.9 Invocations
 + Level 5.3 Evocations
 + Level 4.9 Shapeshifting


You had 13 spell levels left.
You knew the following spells:

 Your Spells              Type           Power      Damage    Failure   Level
a - Magic Dart            Conj           100%       1d8       1%          1
b - Searing Ray           Conj           100%       2d8       1%          2
c - Fulminant Prism       Conj/Alch      22%        3d12      3%          4
d - Hailstorm             Conj/Ice       45%        3d10      1%          3

Your spell library contained the following spells:

 Spells                   Type           Power      Damage    Failure   Level
 Kiss of Death            Conj/Necr      100%       2d13      1%          1
 Ensorcelled Hibernation  Hex/Ice        68%        N/A       1%          2
 Scorch                   Fire           68%        2d7       1%          2
 Confusing Touch          Hex            34%        N/A       2%          3
 Fugue of the Fallen      Necr           34%        N/A       2%          3
 Summon Ice Beast         Ice/Summ       34%        N/A       2%          3
 Flame Wave               Conj/Fire      45%        2d12      3%          4
 Iskenderun's Mystic Bla  Conj/Tloc      45%        2d10      3%          4
 Anguish                  Hex/Necr       17%        N/A       9%          4
 Dispel Undead            Necr           34%        3d15      9%          4
 Sculpt Simulacrum        Ice/Alch       17%        N/A       80%         6
 Summon Cactus Giant      Summ           17%        N/A       80%         6


Dungeon Overview and Level Annotations

Branches:
Dungeon (8/15)             Temple (1/1) D:4           Sewer (visited)
   Lair: D:8-11

Altars:
Ashenzari
Cheibriados
Dithmenos
Elyvilon
Gozag
Hepliaklqana
Kikubaaqudgha
Makhleb
Nemelex Xobeh
Okawaru
Qazlal
Ru
Sif Muna
Trog
Uskayaw
Vehumet
Wu Jian
Xom
Yredelemnul
Zin
The Shining One

Shops:
D:1 !   D:6 *   D:7 **

Annotations:
D:7 3 runed translucent doors, DeathSocks's ghost, novice SpHu; Jokingforfun's ghost, novice GnEn
D:8 Joseph


Innate Abilities, Weirdness & Mutations

You have very sharp teeth.
Your uncanny sense of smell can sniff out nearby items.
Your experience applies equally to all skills.


Message History

Roots grab your fulminant prism.
The grasping roots constrict your fulminant prism.
The grasping roots constrict your fulminant prism!
Your fulminant prism detonates feebly.
Casting: Fulminant Prism (dangerous; 3% risk of failure)
Confirm with . or Enter, or press ? or * to list all spells.
Aiming: Fulminant Prism (dangerous; 3% risk of failure)
Press: ? - help, Dir - move target You conjure a prism of explosive energy!
A fulminant prism comes into view.
Joseph shoots a sling bullet.
The sling bullet hits your fulminant prism!
Your fulminant prism detonates feebly.
Casting: Fulminant Prism (dangerous; 3% risk of failure)
Confirm with . or Enter, or press ? or * to list all spells.
Aiming: Fulminant Prism (dangerous; 3% risk of failure)
Press: ? - help, Dir - move target
Okay, then.
Casting: Fulminant Prism (dangerous; 3% risk of failure)
Confirm with . or Enter, or press ? or * to list all spells.
Aiming: Fulminant Prism (dangerous; 3% risk of failure)
Press: ? - help, Dir - move target You conjure a prism of explosive energy!
A fulminant prism comes into view.
Joseph zaps a wand.
The roots erupt in riotous growth!
The grasping roots grab you! The grasping roots constrict you!
The roots grasp on you weakens, but your attempt to escape fails.
Your fulminant prism crackles loudly.
Joseph shoots a sling bullet.
The sling bullet hits you!
* * * LOW HITPOINT WARNING * * *
The grasping roots constrict you!
* * * LOW HITPOINT WARNING * * *
Unknown command.
You escape the roots grasp.
You hear an explosion!
Joseph zaps a wand.
The roots erupt in riotous growth!
The grasping roots grab you! The grasping roots constrict you!
You die...

#.#....#.#...###.#..##.........#.
#<#....+............##.#'#'#####.
#.#....#.#...#####..##.#.#.# ..
#.#....#.#...#####..##.#.#.#####.
#.#....#.#...#....*..@...........
#.#....#.#...#####..##.#.#.#####.
#.#....#.#..######...............
...........................#####.
###.............@................
#...........#####.####.#######.
#.########### #.# #.# #..... #.#
#.# #.# #.###. #.# #.# #.# #.# #.
#.# #.####.###.###. ...
#.............. #.#
#.############. ### ##


You could see Joseph.

Vanquished Creatures
  Pikel (D:5)
  2 hornets
  Sigmund (D:6)
  A wyvern (D:7)
  2 ice beasts
  A sky beast (D:6)
  An orc warrior (D:8)
  3 ogres
  A centaur (D:6)
  A phantom (D:7)
  2 lemures (D:5)
  2 kobold brigands
  4 bullfrogs
  A gnoll sergeant (D:6)
  Blork the orc (D:4)
  7 scorpions (D:6)
  3 wights (D:8)
  7 killer bees (D:8)
  A jelly (D:4)
  2 bombardier beetles
  5 hounds
  An orc priest (D:6)
  2 gnoll boudas
  An iguana (D:7)
  9 orc wizards
  10 adders
  11 gnolls
  A shadow imp (D:6)
  A white imp (D:7)
  4 ufetubi
  12 dart slugs
  3 ribbon worms
  21 orcs
  11 bats
  6 endoplasms
  15 giant cockroaches
  7 hobgoblins
  6 jackals
  18 kobolds
  5 quokkas
  11 ball pythons
  15 frilled lizards
  11 goblins
  11 rats
241 creatures vanquished.

Vanquished Creatures (others)
  28 fulminant prisms
28 creatures vanquished.

Grand Total: 269 creatures vanquished

Notes
Turn   | Place    | Note
-------+----------+-------------------------------------------
     0 | D:1      | solopath the Gnoll Conjurer began the quest for the Orb.
     0 | D:1      | Reached XP level 1. HP: 13/13 MP: 6/6
   211 | D:1      | Reached XP level 2. HP: 19/19 MP: 5/7
   253 | D:1      | Found a faded altar of an unknown god.
   263 | D:1      | Prayed at the altar of an unknown god.
   263 | D:1      | Became a worshipper of Zin the Law-Giver
   263 | D:1      | Reached * piety under Zin
   557 | D:1      | Learned a level 2 spell: Searing Ray
   617 | D:1      | Found Yssuuwot's Distillery.
   624 | D:1      | Reached skill level 5 in Spellcasting
   624 | D:1      | Reached XP level 3. HP: 25/25 MP: 6/9
   946 | D:2      | Reached skill level 1 in Invocations
   947 | D:2      | Identified the +2 robe "Butew" {Fly Stlth+}
  1035 | D:2      | Reached ** piety under Zin
  1413 | D:2      | Reached skill level 1 in Fighting
  1413 | D:2      | Reached skill level 1 in Short Blades
  1413 | D:2      | Reached skill level 1 in Long Blades
  1413 | D:2      | Reached skill level 1 in Axes
  1413 | D:2      | Reached skill level 1 in Maces & Flails
  1413 | D:2      | Reached skill level 1 in Polearms
  1413 | D:2      | Reached skill level 1 in Staves
  1413 | D:2      | Reached skill level 1 in Ranged Weapons
  1413 | D:2      | Reached skill level 1 in Throwing
  1413 | D:2      | Reached skill level 1 in Armour
  1413 | D:2      | Reached skill level 1 in Shields
  1413 | D:2      | Reached skill level 1 in Unarmed Combat
  1413 | D:2      | Reached skill level 1 in Evocations
  1416 | D:2      | Reached skill level 1 in Shapeshifting
  1416 | D:2      | Reached XP level 4. HP: 32/32 MP: 3/11
  1500 | D:2      | Reached skill level 1 in Hexes
  1500 | D:2      | Reached skill level 1 in Summonings
  1500 | D:2      | Reached skill level 1 in Necromancy
  1500 | D:2      | Reached skill level 1 in Translocations
  1500 | D:2      | Reached skill level 1 in Fire Magic
  1500 | D:2      | Reached skill level 1 in Ice Magic
  1500 | D:2      | Reached skill level 1 in Air Magic
  1500 | D:2      | Reached skill level 1 in Earth Magic
  1500 | D:2      | Reached skill level 1 in Alchemy
  2231 | D:3      | Learned a level 4 spell: Fulminant Prism
  2464 | D:3      | Reached XP level 5. HP: 37/37 MP: 8/12
  2657 | D:3      | Learned a level 3 spell: Hailstorm
  2811 | D:3      | Identified the +0 plate armour of Uneaz {rPois Dex+2}
  3177 | D:4      | Reached XP level 6. HP: 44/44 MP: 5/13
  3373 | D:4      | Found a staircase to the Ecumenical Temple.
  3428 | Temple   | Entered the Ecumenical Temple
  3647 | D:4      | Reached *** piety under Zin
  3842 | D:4      | Noticed Blork the orc
  3847 | D:4      | Killed Blork the orc
  3848 | D:4      | Reached skill level 5 in Dodging
  4098 | D:5      | Entered Level 5 of the Dungeon
  4120 | D:5      | Noticed Pikel
  4134 | D:5      | Killed Pikel
  4135 | D:5      | Reached skill level 5 in Stealth
  4135 | D:5      | Reached XP level 7. HP: 42/51 MP: 3/15
  4237 | D:5      | Reached XP level 8. HP: 58/58 MP: 6/16
  4420 | D:5      | Found a glowing drain.
  4432 | Sewer    | Entered a sewer
  5335 | D:5      | Reached **** piety under Zin
  5495 | D:6      | Found Ugyrhett's General Store.
  5504 | D:6      | Bought a scroll of teleportation for 33 gold pieces
  5514 | D:6      | Found a hide-covered altar of Uskayaw.
  5719 | D:6      | Noticed Sigmund
  5726 | D:6      | Killed Sigmund
  5727 | D:6      | Reached XP level 9. HP: 60/65 MP: 3/18
  6358 | D:6      | Reached skill level 8 in Conjurations
  6784 | D:6      | Found a shimmering altar of Xom.
  6787 | D:6      | Found a stormy altar of Qazlal.
  6790 | D:6      | Found a white marble altar of Elyvilon.
  6852 | D:7      | Reached skill level 5 in Invocations
  7004 | D:7      | Found Parox's Assorted Antiques.
  7017 | D:7      | Bought a scroll labelled XIERENIXUGEE for 29 gold pieces
  7017 | D:7      | Bought a smoky yellow potion for 26 gold pieces
  7325 | D:7      | Found Meegg's Serpentskin Sales.
  7877 | D:7      | Found a runed translucent gate.
  7877 | D:7      | Found a runed translucent gate.
  7877 | D:7      | Found a runed translucent gate.
  7877 | D:7      | Noticed Jokingforfun's ghost (novice GnEn)
  7879 | D:7      | Noticed DeathSocks's ghost (novice SpHu)
  8243 | D:8      | Noticed a hornet
  8246 | D:8      | Reached skill level 5 in Fighting
  8246 | D:8      | Reached skill level 5 in Short Blades
  8246 | D:8      | Reached skill level 5 in Long Blades
  8246 | D:8      | Reached skill level 5 in Axes
  8246 | D:8      | Reached skill level 5 in Maces & Flails
  8246 | D:8      | Reached skill level 5 in Polearms
  8246 | D:8      | Reached skill level 5 in Staves
  8246 | D:8      | Reached skill level 5 in Ranged Weapons
  8246 | D:8      | Reached skill level 5 in Throwing
  8246 | D:8      | Reached skill level 5 in Armour
  8246 | D:8      | Reached skill level 5 in Shields
  8246 | D:8      | Reached skill level 5 in Unarmed Combat
  8246 | D:8      | Reached skill level 5 in Evocations
  8246 | D:8      | Reached XP level 10. HP: 74/74 MP: 15/20
  8271 | D:7      | HP: 3/74 [hornet (3)]
  9172 | D:8      | Noticed Joseph
  9334 | D:8      | Constricted to death by Joseph

Illustrated notes

Levels and vault maps discovered:
D:1:      dpeg_arrival_more_subterranean_lakeside_camping, layout_basic,
          serial_shops, nicolae_shop_industrial_runoff,
          nicolae_ecumenical_snake_handling
D:2:      layout_basic
D:3:      layout_basic, minmay_randomly_rotated_circles
D:4:      kennysheep_the_goblin_king, layout_gridville,
          minmay_temple_entry_junction, minmay_surrounded, uniq_blork_the_orc
D:5:      layout_basic, portal_sewer_entry_e, uniq_pikel
D:6:      old_forge, layout_loops_ring, minitemple,
          nicolae_uskayaw_murder_on_the_dancefloor, serial_shops, shop,
          uniq_sigmund
D:7:      layout_gridville, gammafunk_ghost_cemetery, serial_shops,
          nicolae_shop_just_a_little_nook, guppyfry_shop_venom
D:8:      layout_basic, minmay_manual_maat, uniq_joseph
Temple:   minmay_crystal_spiral_temple

Skill      XL: |  1  2  3  4  5  6  7  8  9 10 |
---------------+-------------------------------+-----
Spellcasting   | 5 6 7 |  7.4
Invocations    | 1 2 3 4 5 |  5.9
Fighting       | 1 2 3 5 |  5.3
Short Blades   | 1 2 3 5 |  5.3
Long Blades    | 1 2 3 5 |  5.3
Axes           | 1 2 3 5 |  5.3
Maces & Flails | 1 2 3 5 |  5.3
Polearms       | 1 2 3 5 |  5.3
Staves         | 1 2 3 5 |  5.3
Ranged Weapons | 1 2 3 5 |  5.3
Throwing       | 1 2 3 5 |  5.3
Armour         | 1 2 3 5 |  5.3
Shields        | 1 2 3 5 |  5.3
Unarmed Combat | 1 2 3 5 |  5.3
Evocations     | 1 2 3 5 |  5.3
Shapeshifting  | 1 2 3 4 |  4.9
Hexes          | 1 2 3 4 |  4.4
Summonings     | 1 2 3 4 |  4.4
Necromancy     | 1 2 3 4 |  4.4
Translocations | 1 2 3 4 |  4.4
Fire Magic     | 1 2 3 4 |  4.4
Ice Magic      | 1 2 3 4 |  4.4
Air Magic      | 1 2 3 4 |  4.4
Earth Magic    | 1 2 3 4 |  4.4
Alchemy        | 1 2 3 4 |  4.4
Dodging        | 5 6 7 |  7.1
Stealth        | 5 6 |  6.9
Conjurations   | 8 |  8.5

Action                     |  1- 3 |  4- 6 |  7- 9 | 10-12 || total
---------------------------+-------+-------+-------+-------++-------
  Melee: Whip              |       |       |    72 |    16 ||    88
         Bite              |       |       |     8 |     2 ||    10
         Punch             |       |       |     2 |     1 ||     3
   Cast: Magic Dart        |    61 |    89 |   149 |    34 ||   333
         Searing Ray       |     2 |    10 |    27 |     6 ||    45
         Fulminant Prism   |       |     1 |    13 |    14 ||    28
         Hailstorm         |       |       |     1 |       ||     1
 Invoke: Recite            |       |       |     1 |       ||     1
         Vitalisation      |       |       |       |     1 ||     1
  Evoke: Wand              |       |       |       |     1 ||     1
 Armour: Robe              |     1 |    11 |    74 |    23 ||   109
  Dodge: Dodged            |     3 |     9 |    89 |    25 ||   126
